 Dungeon Crawl Stone Soup version 0.28.0-53-g5a82cb258f (webtiles) character file.

Game seed: 1139917150076755168

360 Peloso the Covered (level 6, 0/55 HPs)
             Began as a Minotaur Fighter on July 24, 2022.
             Slain by a kobold
             ... wielding a +0 short sword
              (2 damage)
             ... on level 4 of the Dungeon.
             The game lasted 00:04:33 (3049 turns).

Peloso the Covered (Minotaur Fighter)               Turns: 3049, Time: 00:04:33

Health: 0/55       AC:  9    Str: 21    XL:     6   Next: 38%
Magic:  5/5        EV:  6    Int:  5    God:
Gold:   111        SH:  0    Dex: 11    Spells: 5/5 levels left

rFire   . . .      SeeInvis .   a - +2 long sword (freeze)
rCold   . . .      Faith    .   c - +0 kite shield
rNeg    . . .      Spirit   .   p - +0 chain mail
rPois   .          Reflect  .   (helmet restricted)
rElec   .          Harm     .   (no cloak)
rCorr   +          Rampage  .   (no gloves)
Will    .....                   (no boots)
Stlth   ..........              (no amulet)
HPRegen 0.18/turn               o - ring of resist corrosion
MPRegen 0.09/turn               (no ring)

@: confused, brilliant
A: horns 2, retaliatory headbutt
a: no special abilities


You were on level 4 of the Dungeon.
You visited 1 branch of the dungeon, and saw 4 of its levels.

You collected 111 gold pieces.

Inventory:

Hand Weapons
 a - a +2 long sword of freezing (weapon)
 b - a +1 vorpal falchion
Armour
 c - a +0 kite shield (worn)
 k - a +0 scale mail
 p - a +0 chain mail (worn)
Jewellery
 o - a ring of resist corrosion (left hand)
Wands
 n - a wand of mindburst (13)
Scrolls
 e - 3 scrolls of identify {unknown}
 i - a scroll of fear {unknown}
Potions
 d - 4 potions of might
 f - a potion of attraction {unknown}
 g - a potion of mutation {unknown}
 h - a potion of degeneration {unknown}
 j - a potion of magic {unknown}
 l - a potion of berserk rage {unknown}
 m - a potion of curing {unknown}
 q - a potion of brilliance


   Skills:
 + Level 4.8 Fighting
 + Level 5.1 Long Blades
 + Level 5.4 Armour
 + Level 1.5 Dodging
 + Level 0.2 Stealth
 + Level 4.7 Shields


You had 5 spell levels left.
You didn't know any spells.
Your spell library contained the following spells:

 Spells                   Type           Power      Damage    Failure   Level
 Animate Skeleton         Necr           0%         N/A       100%        1
 Pain                     Necr           0%         1d4       100%        1
 Ensorcelled Hibernation  Hex/Ice        0%         N/A       100%        2
 Passwall                 Tmut/Erth      0%         N/A       100%        2
 Swiftness                Air            0%         N/A       100%        3
 Vampiric Draining        Necr           0%         2d6       100%        3
 Fireball                 Conj/Fire      0%         3d3       100%        5
 Iskenderun's Battlesphe  Conj           0%         2d6       100%        5
 Conjure Ball Lightning   Conj/Air       0%         3x3d6     100%        6
 Starburst                Conj/Fire      0%         6d3       100%        6
 Orb of Destruction       Conj           0%         9d5       100%        7
 Ignition                 Fire           0%         3d3       100%        8


Dungeon Overview and Level Annotations

Branches:
Dungeon (4/15)
 Temple: D:4-7

Altars:
Cheibriados
Qazlal


Innate Abilities, Weirdness & Mutations

You have a pair of horns on your head.
You reflexively headbutt those who attack you in melee.


Message History

Unknown command.
You hit something. You freeze something.
The orc priest mumbles some strange prayers to Beogh against you.
Pain shoots through your body! Something hits you.
The orc priest barely misses you.
Unknown command.
The orc priest calls down the wrath of Beogh upon you.
Beogh smites you!
Unknown command.
The kobold throws a stone.
The stone barely misses you.
Unknown command.
You feel less confused. Something hits you but does no damage.
The orc priest looks encouraged for a moment.
Unknown command.
You hear some strange, mumbled words.
A puff of flame appears from out of thin air!
The puff of flame hits you.
The orc wizard mumbles some strange words.
The orc wizard flickers and vanishes!
You hear some strange, mumbled words.
You are confused.
The orc priest calls down the wrath of Beogh upon you.
Pain shoots through your body!
* * * LOW HITPOINT WARNING * * *
You bump into the rock wall.
You bump into the rock wall.
The kobold hits you with a +0 short sword.
* * * LOW HITPOINT WARNING * * *
You hear some strange, mumbled words.
You are more confused.
The kobold barely misses you.
It was a potion of brilliance.
You feel clever all of a sudden. Something hits you but does no damage.
The kobold hits you with a +0 short sword.
* * * LOW HITPOINT WARNING * * *
You bump into the rock wall.
Something hits you but does no damage.
The kobold hits you with a +0 short sword.
You die...

................PP♣♣♣P..♣♣..♣
.♣..........#....♣.♣P...♣♣.♣♣
............#...PP......♣♣.♣
♣....).....##.............#
.....#..........###+########
o♣. #..........# ♣♣♣♣♣
#..........##♣PP.P♣
#........o.#......♣
#........oK@.♣
..(.........#.##
$♣.♣........#.#
......########.. .♣.♣# ##.#
.. .. #.. .. #.#


You could see an orc priest, an orc and a kobold.

Vanquished Creatures
  Sigmund (D:2)
  A hound (D:4)
  Jessica (D:2)
  Natasha (twice) (D:2)
  5 adders
  3 worms
  A dart slug (D:1)
  5 orcs (D:4)
  4 endoplasms
  2 giant cockroaches
  2 goblins (D:2)
  8 hobgoblins
  3 jackals (D:2)
  4 kobolds
  2 quokkas
  2 ball pythons
  9 bats
  3 frilled lizards
  2 rats
  A bush (D:1)
61 creatures vanquished.

Vanquished Creatures (others)
  4 plants
4 creatures vanquished.

Grand Total: 65 creatures vanquished

Notes
Turn   | Place    | Note
-------+----------+-------------------------------------------
     0 | D:1      | Peloso the Minotaur Fighter began the quest for the Orb.
     0 | D:1      | Reached XP level 1. HP: 19/19 MP: 0/0
   238 | D:1      | Reached XP level 2. HP: 27/27 MP: 1/1
   257 | D:1      | You fall into a shaft and drop 1 floor!
   350 | D:2      | Reached XP level 3. HP: 33/33 MP: 2/2
   416 | D:2      | Noticed Natasha
   425 | D:2      | Killed Natasha
   895 | D:2      | Noticed Jessica
   916 | D:2      | Reached XP level 4. HP: 39/40 MP: 3/3
   921 | D:2      | Killed Jessica
  1093 | D:2      | Noticed Sigmund
  1107 | D:2      | Killed Sigmund
  1108 | D:2      | Reached skill level 5 in Armour
  1108 | D:2      | Reached XP level 5. HP: 39/47 MP: 4/4
  1200 | D:2      | Noticed Natasha
  1207 | D:2      | Killed Natasha
  1208 | D:2      | Reached skill level 1 in Dodging
  1473 | D:2      | Found a snail-covered altar of Cheibriados.
  1785 | D:2      | Reached XP level 6. HP: 53/53 MP: 5/5
  2532 | D:3      | Reached skill level 5 in Long Blades
  2693 | D:3      | Found a faded altar of an unknown god.
  2698 | D:3      | Found a stormy altar of Qazlal.
  2811 | D:3      | Found a faded altar of an unknown god.
  3048 | D:4      | HP: 2/55 [kobold/+0 short sword (2)]
  3049 | D:4      | Slain by a kobold

Illustrated notes

Levels and vault maps discovered:
D:1:      beargit_arrival_diablo_church, layout_basic, serial_forest,
          infiniplex_forest_lined_ring, infiniplex_forest_lined_3,
          infiniplex_forest_clump_tiny, infiniplex_forest_end_1,
          infiniplex_forest_lined_corner, infiniplex_forest_corner_2,
          infiniplex_forest_clump_long
D:2:      layout_basic, basic_altar, uniq_jessica, uniq_sigmund, uniq_natasha
D:3:      layout_rooms, nicolae_overflow_ecumenical_swirl,
          shapermc_ecumenical_altar_pompeii
D:4:      layout_basic, serial_shops, shop, serial_forest,
          infiniplex_forest_lined_1, infiniplex_forest_straight_4,
          infiniplex_forest_join, infiniplex_forest_lined_2,
          infiniplex_forest_end_3, infiniplex_forest_lined_3,
          infiniplex_forest_clump_medium, nicolae_take_the_stairs, uniq_pikel

Skill      XL: |  1  2  3  4  5  6 |
---------------+-------------------+-----
Armour         | 4 5 |  5.4
Shields        | 4 |  4.7
Fighting       | 4 |  4.8
Long Blades    | 3 4 5 |  5.1
Dodging        | 1 |  1.5
Stealth        | |  0.2

Action                   |  1- 3 |  4- 6 || total
-------------------------+-------+-------++-------
Melee: Long sword        |    50 |   121 ||   171
       Headbutt          |     3 |    26 ||    29
  Use: Potion            |       |     1 ||     1
Armor: Scale mail        |    27 |    30 ||    57
       Chain mail        |       |    11 ||    11
Dodge: Dodged            |    28 |    25 ||    53
Block: Buckler           |    14 |     3 ||    17
       Kite shield       |       |    26 ||    26
